 Dungeon Crawl Stone Soup version 0.21.1-1-g345015f (webtiles) character file.

292 elachoum the Shield-Bearer (level 6, -12/52 HPs)
             Began as a Hill Orc Fighter on June 26, 2018.
             Was a Follower of Beogh.
             Mangled by a yak (14 damage)
             ... on level 5 of the Dungeon.
             The game lasted 00:25:15 (2990 turns).

elachoum the Shield-Bearer (Hill Orc Fighter)       Turns: 2990, Time: 00:25:16

Health: -12/52     AC:  7    Str: 21    XL:     6   Next: 33%
Magic:  6/6        EV:  6    Int:  8    God:    Beogh [*.....]
Gold:   198        SH: 14    Dex: 10    Spells: 5/5 levels left

rFire    . . .     SeeInvis .   u - +2 dagger (flame)
rCold    . . .     Gourm    .   m - +0 large shield
rNeg     . . .     Faith    .   b - +0 scale mail
rPois    .         Spirit   .   (no helmet)
rElec    .         Reflect  .   (no cloak)
rCorr    .         Harm     .   (no gloves)
MR       .....                  (no boots)
Stlth    ..........             (no amulet)
HPRegen  0.17/turn              (no ring)
MPRegen  0.10/turn              (no ring)

@: no status effects
A: no striking features
a: Renounce Religion


You were on level 5 of the Dungeon.
You worshipped Beogh.
Beogh was aware of your devotion.
You were not hungry.

You visited 1 branch of the dungeon, and saw 6 of its levels.

You collected 198 gold pieces.

Inventory:

Hand Weapons
 a - a +0 war axe
 i - a +0 short sword
 s - a +0 mace
 t - a +0 flail
 u - a +2 dagger of flaming (weapon)
 v - a +0 halberd
Missiles
 j - 42 bolts
 n - 2 javelins (quivered)
 o - 39 sling bullets
 x - 2 tomahawks of dispersal
Armour
 b - a +0 scale mail (worn)
 c - a +0 shield
 h - a +0 ring mail
 l - a +0 scale mail
 m - a +0 large shield (worn)
 y - a +0 scale mail
Jewellery
 d - an uncursed ring of stealth {unknown}
Scrolls
 g - 2 scrolls of remove curse
 k - a scroll of amnesia
 q - a scroll of random uselessness {unknown}
 B - a scroll of immolation {unknown}
Potions
 e - 2 potions of haste
 p - a potion of brilliance {unknown}
 r - 3 potions of degeneration {unknown}
 w - a potion of heal wounds {unknown}
 z - 2 potions of might
Comestibles
 f - 5 rations


   Skills:
 + Level 4.2 Fighting
 + Level 1.6 Short Blades
 + Level 4.6 Axes
 + Level 4.3 Armour
 + Level 1.1 Dodging
 + Level 0.4 Stealth
 + Level 5.0 Shields


You had 5 spell levels left.
You didn't know any spells.

Dungeon Overview and Level Annotations

Branches:
Dungeon (6/15)
 Temple: D:4-7

Altars:
Kikubaaqudgha
Qazlal
Wu Jian
The Shining One

Annotations:
D:2 Sigmund
D:5 Edmund


Message History

You climb upwards.
Level annotation: Edmund
There is a stone staircase leading down here.
You block the yak's attack.
You climb downwards.
There is a stone staircase leading up here.
The yak gores you but does no damage.
You climb upwards.
Level annotation: Edmund
There is a stone staircase leading down here.
You block the yak's attack.
You climb downwards.
There is a stone staircase leading up here.
The yak gores you!
* * * LOW HITPOINT WARNING * * *
You climb upwards.
Level annotation: Edmund
There is a stone staircase leading down here.
The yak gores you!
You die...

# #. #.# ##
#... .#####.
#..##.......
.###........##
......Y@.....#
.###.....##..#
...........
######.####..
#. .# #. # #.
..


You could see a yak.

Vanquished Creatures
  An ogre (D:4)
  2 orc wizards (D:5)
  A worker ant (D:6)
  A howler monkey skeleton (D:4)
  2 adders
  2 oozes
  2 worms
  A dart slug (D:1)
  2 leopard geckos
  18 orcs
  4 bats
  2 giant cockroaches (D:2)
  3 goblins
  7 hobgoblins
  7 jackals
  5 kobolds
  A quokka (D:6)
  8 frilled lizards
  3 rats
72 creatures vanquished.

Notes
Turn   | Place    | Note
-------+----------+-------------------------------------------
     0 | D:1      | elachoum the Hill Orc Fighter began the quest for the Orb.
     0 | D:1      | Reached XP level 1. HP: 19/19 MP: 1/1
   211 | D:1      | Reached XP level 2. HP: 27/27 MP: 2/2
   715 | D:2      | Noticed Sigmund
   767 | D:2      | Found a faded altar of an unknown god.
   922 | D:2      | Reached XP level 3. HP: 33/33 MP: 3/3
  1057 | D:2      | Found an ornate altar of the Wu Jian Council.
  1209 | D:3      | Became a worshipper of Beogh the Brigand
  1466 | D:1      | Reached XP level 4. HP: 29/40 MP: 4/4
  1510 | D:3      | Reached skill level 4 in Shields
  1658 | D:3      | Reached * piety under Beogh
  1921 | D:3      | Found an ancient bone altar of Kikubaaqudgha.
  1928 | D:3      | Found a stormy altar of Qazlal.
  1931 | D:3      | Found a glowing golden altar of the Shining One.
  2109 | D:4      | Noticed an ogre
  2135 | D:4      | Killed an ogre
  2135 | D:4      | Reached skill level 1 in Short Blades
  2135 | D:4      | Reached skill level 1 in Dodging
  2135 | D:4      | Reached XP level 5. HP: 46/46 MP: 5/5
  2392 | D:4      | Noticed an ogre
  2399 | D:5      | Entered Level 5 of the Dungeon
  2422 | D:5      | Reached XP level 6. HP: 45/52 MP: 6/6
  2463 | D:5      | Noticed Edmund
  2532 | D:6      | Reached skill level 5 in Shields
  2922 | D:6      | Noticed a yak
  2922 | D:6      | Noticed a yak
  2988 | D:6      | HP: 1/52 [yak (11)]
  2990 | D:5      | Mangled by a yak

Skill      XL: |  1  2  3  4  5  6 |
---------------+-------------------+-----
Axes           | 3 4 |  4.6
Shields        | 4 5 |  5.0
Fighting       | 4 |  4.2
Short Blades   | 1 |  1.6
Armour         | 4 |  4.3
Dodging        | 1 |  1.1
Stealth        | |  0.4

Action                   |  1- 3 |  4- 6 || total
-------------------------+-------+-------++-------
Melee: War axe           |   134 |    37 ||   171
       Dagger            |       |   147 ||   147
Throw: Javelin           |     1 |       ||     1
Invok: Convert to Beogh  |     1 |       ||     1
  Use: Scroll            |       |     3 ||     3
       Potion            |       |     3 ||     3
  Eat: Chunk             |     2 |     3 ||     5
       Ration            |       |     1 ||     1
Armor: Scale mail        |    59 |    47 ||   106
Dodge: Dodged            |    24 |    21 ||    45
Block: Shield            |    21 |       ||    21
       Large shield      |    83 |   107 ||   190
